 Dungeon Crawl Stone Soup version 0.31-a0-848-gaac375c287 (webtiles) character file.

Game seed: 11692708343239825907

122 Mickster the Chopper (level 5, -1/47 HPs)
             Began as a Hill Orc Berserker on Oct 4, 2023.
             Was a Believer of Trog.
             Succumbed to an orc's poison
             ... on level 3 of the Dungeon.
             The game lasted 00:16:43 (2678 turns).

Mickster the Chopper (Hill Orc Berserker)           Turns: 2678, Time: 00:16:44

Health: -1/47      AC:  5    Str: 22    XL:     5   Next: 6%
Magic:  5/5        EV: 11    Int:  7    God:    Trog [**....]
Gold:   116        SH:  0    Dex: 10    Spells: 4/4 levels left

rFire   . . .        a - +1 hand axe
rCold   . . .        (no shield)
rNeg    . . .        d - +0 ring mail
rPois   .            (no helmet)
rElec   .            (no cloak)
rCorr   .            (no gloves)
SInv    .            (no boots)
Will    .....        (no amulet)
Stlth   +            (no ring)
HPRegen 0.27/turn    (no ring)
MPRegen 0.09/turn

%: no passive effects
@: lethally poisoned (-1 -> -14)
A: no striking features
a: Renounce Religion, Berserk, Trog's Hand


You were on level 3 of the Dungeon.
You worshipped Trog.
Trog was pleased with you.
You visited 1 branch of the dungeon, and saw 3 of its levels.

You collected 116 gold pieces.

Inventory:

Hand Weapons
 a - a +1 hand axe (weapon)
 c - a +2 short sword of speed
 o - a +1 whip of venom
Missiles
 i - 5 silver javelins (quivered)
Armour
 b - a +0 animal skin
 d - a +0 ring mail (worn)
Scrolls
 j - a scroll of identify
 l - a scroll of teleportation
Potions
 e - a potion of heal wounds {unknown}
 f - a potion of might {unknown}
 g - 2 potions of lignification {unknown}
 h - a potion of enlightenment {unknown}
 k - 3 potions of curing {unknown}
 m - 2 potions of berserk rage {unknown}
 n - 2 potions of brilliance {unknown}


   Skills:
 + Level 4.7 Fighting
 - Level 0.6 Short Blades
 * Level 5.3 Axes
 + Level 3.1 Armour
 + Level 1.9 Dodging
 + Level 0.2 Stealth


You had 4 spell levels left.
You didn't know any spells.
Your spell library was empty.

Dungeon Overview and Level Annotations

Branches:
Dungeon (3/15)

Altars:


Message History

You feel forgetful for a moment.
You start resting.
HP restored.
You start waiting.
An orc comes into view. It is wielding a +1 whip of venom.
The orc shouts!
The orc hits you with a +1 whip of venom.
You are poisoned.
You feel very sick.
The orc hits you with a +1 whip of venom.
You feel very sick.
The orc hits you with a +1 whip of venom.
You closely miss the orc.
You feel sick. The orc hits you but does no damage.
You are more poisoned.
You closely miss the orc.
You feel very sick. The orc closely misses you.
You barely miss the orc.
You feel very sick. The orc hits you but does no damage.
You are more poisoned.
You hit the orc.
The orc is heavily wounded.
You feel very sick.
The orc hits you with a +1 whip of venom.
* * * LOW HITPOINT WARNING * * *
You are more poisoned.
You hit the orc.
You kill the orc!
Trog accepts your kill.
* * * LOW HITPOINT WARNING * * *
You feel very sick.
* * * LOW HITPOINT WARNING * * *
You feel very sick.
Things that are here:
a +1 whip of venom; a +0 ring mail
o - a +1 whip of venom
* * * LOW HITPOINT WARNING * * *
You feel very sick.
You die...

..(...######...#
###.#
......######...# .
...............# ..
...............#...
###.##.........#...
#.............
#.........#...
#..............
#####[@.....####
#.............#
#.#######.##### .#
.. ... ... ...


There were no monsters in sight!

Vanquished Creatures
  3 gnolls (D:2)
  4 adders
  3 dart slugs
  An orc (D:3)
  3 ball pythons
  7 endoplasms
  A giant cockroach (D:1)
  2 goblins
  A hobgoblin (D:2)
  7 quokkas
  10 bats
  2 frilled lizards (D:2)
  5 kobolds
49 creatures vanquished.

Notes
Turn   | Place    | Note
-------+----------+-------------------------------------------
     0 | D:1      | Mickster the Hill Orc Berserker began the quest for the
                  | Orb.
     0 | D:1      | Reached XP level 1. HP: 19/19 MP: 1/1
   152 | D:1      | Reached XP level 2. HP: 18/27 MP: 2/2
   779 | D:1      | Reached XP level 3. HP: 34/34 MP: 3/3
  1723 | D:2      | Reached XP level 4. HP: 41/41 MP: 4/4
  1850 | D:2      | Reached skill level 5 in Axes
  1859 | D:2      | Reached ** piety under Trog
  2550 | D:3      | Reached XP level 5. HP: 41/47 MP: 5/5
  2677 | D:3      | HP: 1/47 [poisoned by an orc]
  2678 | D:3      | Succumbed to an orc's poison

Illustrated notes

Levels and vault maps discovered:
D:1:      dpeg_arrival_brainrot, layout_loops_ring
D:2:      layout_loops_ring, serial_co_window_serial, co_window_paths_a,
          co_window_corner_a, co_window_paths_b, co_window_paths_a,
          co_window_paths_b, co_window_corner_a, co_window_of_opportunity_a,
          co_window_paths_b, co_window_corner_a, co_window_paths_c,
          co_window_unsneaky_path_e, co_window_broadway_a,
          co_window_of_opportunity_b, co_window_broadway_b, co_window_paths_c,
          glass_columns_a, glass_columns_a, minmay_cut_off
D:3:      layout_basic, mainiacjoe_overflow_boulevard, solitary_fountain,
          uniq_jessica

Skill      XL: |  1  2  3  4 |
---------------+-------------+-----
Fighting       | 4 |  4.7
Axes           | 5 |  5.3
Armour         | 3 |  3.1
Short Blades   | |  0.6
Dodging        | |  1.9
Stealth        | |  0.2

Action                     |  1- 3 |  4- 6 || total
---------------------------+-------+-------++-------
  Melee: Short sword       |    50 |       ||    50
         Hand axe          |    65 |    58 ||   123
 Invoke: Berserk           |     1 |     1 ||     2
    Use: Scroll            |     4 |     2 ||     6
 Armour: Animal skin       |    21 |       ||    21
         Ring mail         |    45 |    50 ||    95
  Dodge: Dodged            |    71 |    38 ||   109

Table legend: (Time is in decaauts)
 A = Elapsed time spent in this place.
 B = Non-inter-level travel time spent in this place.
 C = Inter-level travel time spent in this place.
 D = Time resting spent in this place.
 E = Time spent auto-exploring this place.
 F = Levels seen in this place.
 G = Mean time per level.
                   A        B        C        D        E       F      G
               +--------+--------+--------+--------+--------+-----+--------+
         Total |   2687 |   2604 |     83 |    168 |   1392 |   3 |  895.7 |
       Dungeon |   2687 |   2604 |     83 |    168 |   1392 |   3 |  895.7 |
               +--------+--------+--------+--------+--------+-----+--------+

Top non-repeatable levels by time:
     D:2: 1427 daAuts
     D:1: 1011 daAuts
     D:3: 249 daAuts
